 Dungeon Crawl Stone Soup version 0.25-a0-294-gea9b1ad (webtiles) character file.

Game seed: 618952631371230607, levelgen mode: deterministic

108 15 the Caller (level 4, 16/30 HPs)
             Began as a Merfolk Summoner on Dec 16, 2019.
             Quit the game on level 3 of the Dungeon.
             The game lasted 00:18:14 (2372 turns).

15 the Caller (Merfolk Summoner)                    Turns: 2372, Time: 00:18:15

Health: 16/30      AC:  6    Str:  9    XL:     4   Next: 87%
Magic:  3/7        EV: 13    Int: 14    God:
Gold:   157        SH:  0    Dex: 14    Spells: 2/8 levels left

rFire    . . .     SeeInvis .   k - +0 short sword
rCold    . . .     Gourm    .   (no shield)
rNeg     . . .     Faith    .   a - +0 robe
rPois    .         Spirit   .   (no helmet)
rElec    .         Reflect  .   (no cloak)
rCorr    .         Harm     .   j - +1 pair of gloves
MR       +....                  (no boots)
Stlth    ++........             (no amulet)
HPRegen  0.10/turn              (no ring)
MPRegen  0.10/turn              (no ring)

@: very slightly contaminated, invisible
A: change form in water, swift swim, stealthy swim, yellow scales 1, low mp 1,
magic resistance 1, MP-powered wands
a: no special abilities


You were on level 3 of the Dungeon.
You were not hungry.

You visited 1 branch of the dungeon, and saw 4 of its levels.

You collected 157 gold pieces.

Inventory:

Hand Weapons
 k - a +0 short sword (weapon)
Armour
 a - a +0 robe (worn)
 j - a +1 pair of gloves (worn)
Scrolls
 b - 4 scrolls of remove curse
 f - a scroll of identify
 h - a scroll of blinking
 i - a scroll of fear
 n - a scroll of enchant armour
 o - a scroll of teleportation {unknown}
 p - a scroll of magic mapping {unknown}
Potions
 e - 3 potions of might
Comestibles
 c - 7 rations
 d - 6 chunks of flesh


   Skills:
 + Level 0.1 Fighting
 + Level 1.3 Short Blades
   Level 0.3 Maces & Flails
 * Level 3.4 Dodging
 * Level 3.0 Stealth
 + Level 0.1 Unarmed Combat
 * Level 2.6 Spellcasting
 * Level 4.7 Summonings


You had 2 spell levels left.
You knew the following spells:

 Your Spells              Type           Power        Failure   Level  Hunger
a - Summon Small Mammal   Summ           ###.         3%          1    #......
b - Call Imp              Summ           ###.....     4%          2    ###....
c - Call Canine Familiar  Summ           ###.....     10%         3    ###....

Your spell library contained the following spells:

 Spells                   Type           Power        Failure   Level  Hunger
 Summon Guardian Golem    Hex/Summ       #.......     26%         3    ###....
 Summon Ice Beast         Ice/Summ       #.......     63%         4    #####..
 Summon Lightning Spire   Summ/Air       #.......     63%         4    #####..


Dungeon Overview and Level Annotations

Branches:
Dungeon (4/15)
 Temple: D:4-7

Altars:
Gozag
Nemelex Xobeh
Yredelemnul
The Shining One


Innate Abilities, Weirdness & Mutations

You revert to your normal form in water.
You are very nimble and swift while swimming.
You are very stealthy in the water. (Stealth+)
You are partially covered in yellow scales. (AC +2)
Your magical capacity is low. (-10% MP)
You are resistant to hostile enchantments. (MR+)
You expend magic power (3 MP) to strengthen your wands.


Message History

You puncture the river rat!
You kill the river rat!
Your Stealth skill increases to level 3!
You swap places.
You see here a dart slug corpse.
You butcher the dart slug corpse.
d - 6 chunks of flesh (gained 1)
There is an open door here.
Your legs become a tail as you enter the water. ...but don't expect to remain undetected.
There is a large open door here.
There is a collapsed entrance here.
You can't go down here!
Your legs become a tail as you enter the water. ...but don't expect to remain undetected.
There is a collapsed entrance here.
You can't go down here!
You can't go up here!
You can't go down here!
Are you sure you want to abandon this character and quit the game? (Confirm with "yes".)

#...'##'...# #...#≈≈#
#..##≈≈## #..#≈≈≈≈#..
.. ##.#≈≈≈≈#.. ....
... #.##≈≈##.. ...#
... #..#≈≈#..+#'#.#
#.. .
#.##h'##......#.#..
#.#≈@≈≈#....... #..
#.######......# #...
#.........#.#.###..##
#.##.###....#......<#
#.......((÷>.........
########.(..#........
#.(..##.##.###
#####'##+##.#
#...........#


You could see a friendly hound.

Vanquished Creatures
  Terence (D:3)
  A river rat (D:3)
  A worm (D:3)
  3 dart slugs
  A leopard gecko (D:3)
  3 giant cockroaches
  5 goblins
  A hobgoblin (D:2)
  A quokka (D:3)
  2 ball pythons
  4 bats
  5 frilled lizards
  6 kobolds
  8 rats
42 creatures vanquished.

Vanquished Creatures (collateral kills)
  An adder (D:2)
  3 worms
  A dart slug (D:1)
  2 leopard geckos
  An orc (D:3)
  5 bats
  5 giant cockroaches
  3 goblins
  5 hobgoblins
  A jackal (D:3)
  3 kobolds
  3 rats
33 creatures vanquished.

Grand Total: 75 creatures vanquished

Notes
Turn   | Place    | Note
-------+----------+-------------------------------------------
     0 | D:1      | 15 the Merfolk Summoner began the quest for the Orb.
     0 | D:1      | Reached XP level 1. HP: 13/13 MP: 3/3
   141 | D:1      | Reached XP level 2. HP: 17/19 MP: 5/5
   145 | D:1      | Learned a level 2 spell: Call Imp
   868 | D:1      | Reached XP level 3. HP: 17/24 MP: 6/6
   873 | D:1      | Learned a level 3 spell: Call Canine Familiar
   938 | D:1      | Found a sparkling altar of Nemelex Xobeh.
  1706 | D:3      | Noticed Terence
  1730 | D:3      | Killed Terence
  1730 | D:3      | Reached XP level 4. HP: 21/30 MP: 0/7
  1742 | D:3      | Found a basalt altar of Yredelemnul.
  1744 | D:3      | Noticed a profane servitor
  1751 | D:3      | Found a glowing golden altar of the Shining One.
  1753 | D:3      | Noticed an angel
  1822 | D:3      | Found an opulent altar of Gozag.
  1826 | D:3      | You fall into a shaft and drop 1 floor!
  1845 | D:4      | Reached skill level 1 in Short Blades
  2220 | D:3      | Noticed a bullfrog
  2345 | D:3      | Gained mutation: Your magical capacity is low. (-10% MP)
                  | [potion of mutation]
  2345 | D:3      | Gained mutation: You expend magic power (3 MP) to
                  | strengthen your wands. [potion of mutation]
  2345 | D:3      | Gained mutation: You are partially covered in yellow
                  | scales. (AC +2) [potion of mutation]
  2345 | D:3      | Gained mutation: You are resistant to hostile enchantments.
                  | (MR+) [potion of mutation]
  2372 | D:3      | Quit the game

Levels and vault maps discovered:
D:1:      dpeg_arrival_lava_altar, layout_loops_ring
D:2:      layout_rooms
D:3:      minmay_octagon_keep, layout_basic, grunt_temple_overflow_holy_war,
          gup_sewer_entry_bowl, lemuel_altar_in_water, uniq_terence
D:4:      layout_cave_pools, st_stairs_2, nemelex_dance_club_becter

Skill      XL: |  1  2  3  4 |
---------------+-------------+-----
Dodging        | 3 |  3.4
Short Blades   | 1 |  1.3
Stealth        | 3 |  3.0
Fighting       | |  0.1
Maces & Flails | |  0.3
Unarmed Combat | |  0.1
Spellcasting   | |  2.6
Summonings     | |  4.7

Action                   |  1- 3 |  4- 6 || total
-------------------------+-------+-------++-------
Melee: Unarmed           |    18 |       ||    18
       Whip              |    79 |       ||    79
       Short sword       |    40 |    67 ||   107
 Cast: Summon Small Mamm |     5 |     1 ||     6
       Call Imp          |    10 |       ||    10
       Call Canine Famil |     5 |     7 ||    12
  Use: Scroll            |     6 |     2 ||     8
       Potion            |       |     4 ||     4
 Stab: Sleeping          |     7 |     4 ||    11
       Invisible         |       |     1 ||     1
  Eat: Chunk             |     4 |     3 ||     7
Armor: Robe              |    37 |    10 ||    47
Dodge: Dodged            |   130 |    69 ||   199

Table legend:
 A = Non-vault XP
 B = Vault XP
 C = Vault XP percentage of total XP
 D = Non-vault monster count
 E = Vault monster count
 F = Vault count percentage of total count
                 A         B        C        D         E       F
            +---------+---------+-------+---------+---------+-------
      Total |     112 |      43 |  27.7 |      68 |       7 |   9.3
            +---------+---------+-------+---------+---------+-------
        D:1 |      34 |       0 |   0.0 |      26 |       0 |   0.0
        D:2 |      39 |       0 |   0.0 |      22 |       0 |   0.0
        D:3 |      33 |      43 |  56.6 |      18 |       7 |  28.0
        D:4 |       6 |       0 |   0.0 |       2 |       0 |   0.0
            +---------+---------+-------+---------+---------+-------
